 Dungeon Crawl Stone Soup version 0.32-a0-131-g9dbbe29261 (webtiles) character file.

Game seed: 14627236151566716108

109585 Ambrosia the Warrior (level 16, -17/159 HPs)
             Began as a Minotaur Gladiator on Feb 8, 2024.
             Was the Champion of Wu Jian.
             Killed from afar by a thorn hunter (32 damage)
             ... with a volley of thorns
             ... on level 1 of the Swamp.
             The game lasted 00:45:23 (29284 turns).

Ambrosia the Warrior (Minotaur Gladiator)          Turns: 29284, Time: 00:45:23

Health: -17/159    AC: 18    Str: 24    XL:     16   Next: 5%
Magic:  0/15       EV: 25    Int:  8    God:    Wu Jian [******]
Gold:   2349       SH:  0    Dex: 18    Spells: 15/15 levels left

rFire   + . .        I - +2 lajatang (heavy)
rCold   + + +        (shield currently unavailable)
rNeg    . . .        i - +3 leather armour {rC+}
rPois   +            c - +2 hat
rElec   +            N - +1 cloak {rC+}
rCorr   +            n - +0 pair of gloves
SInv    +            C - +2 pair of boots
Will    +....        w - amulet of guardian spirit
Stlth   +            O - ring of Esaes {Wiz Str+3 Int+3 Slay+3 Stlth+}
HPRegen 0.46/turn    p - ring of see invisible {sInv}
MPRegen 0.14/turn

%: guardian spirit, wizardry (x1)
@: mighty, resistant, in a heavenly storm, glowing, studying Ice Magic,
serpent's lash
A: horns 2, retaliatory headbutt
a: Renounce Religion, Wall Jump, Serpent's Lash, Heavenly Storm


You were on level 1 of the Swamp.
You worshipped Wu Jian.
Wu Jian was exalted by your worship.
You visited 5 branches of the dungeon, and saw 24 of its levels.
You also visited: Ossuary and Ice Cave.

You collected 2349 gold pieces.

Inventory:

Hand Weapons
 t - a +4 quarterstaff of chaos
   (You took it off Crazy Yiuf on level 3 of the Dungeon)
 y - a -4 scythe of freezing
   (You took it off a reaper in an ice cave)
 I - a +2 heavy lajatang (weapon)
   (You acquired it on level 8 of the Dungeon)
Missiles
 e - 9 javelins
Armour
 c - a +2 hat (worn)
 i - a +3 leather armour of cold resistance (worn)
   (You found it on level 1 of the Dungeon)
 n - a +0 pair of gloves (worn)
   (You found it on level 4 of the Dungeon)
 C - a +2 pair of boots (worn)
   (You found it on level 7 of the Dungeon)
 N - a +1 cloak of cold resistance (worn)
   (You found it in an ice cave)
Jewellery
 p - a ring of see invisible (right hand) {sInv}
   (You found it on level 2 of the Dungeon)
 w - an amulet of guardian spirit (around neck)
   (You found it on level 4 of the Dungeon)
 O - the ring of Esaes (left hand) {Wiz Str+3 Int+3 Slay+3 Stlth+}
   (You found it on level 14 of the Dungeon)

   [ring of wizardry]

   Wiz:       It improves your spell success rate.
   Str+3:     It affects your strength (+3).
   Int+3:     It affects your intelligence (+3).
   Slay+3:    It affects your accuracy & damage with ranged weapons and melee
   (+3).
   Stlth+:    It makes you more stealthy.
Wands
 j - a wand of charming (12)
   (You found it on level 1 of the Swamp)
 F - a wand of flame (22)
   (You took it off a kobold on level 8 of the Dungeon)
 K - a wand of mindburst (5)
   (You found it on level 3 of the Lair of Beasts)
Scrolls
 a - 2 scrolls of amnesia
 b - a scroll of teleportation {!r!d, @r3}
 d - a scroll of brand weapon
 h - a scroll of fog
 s - 3 scrolls of blinking {!r!d}
 G - 2 scrolls of identify {@r1}
 H - 4 scrolls of revelation
 L - 2 scrolls of silence
 M - 2 scrolls of fear
Potions
 f - a potion of might
 g - 3 potions of lignification {!q}
 l - 6 potions of curing {@q1, !d}
 o - 3 potions of berserk rage
 r - 5 potions of mutation {!q}
 u - 4 potions of degeneration {!q}
 x - 3 potions of brilliance
 z - a potion of cancellation
 A - 7 potions of ambrosia
 B - 6 potions of enlightenment
 D - 2 potions of attraction {!q}
 E - 2 potions of magic


   Skills:
 * Level 18.7 Fighting
 + Level 14.1 Staves
 - Level 2.0 Throwing
 * Level 18.3 Armour
 * Level 17.2 Dodging


You had 15 spell levels left.
You didn't know any spells.
Your spell library contained the following spells:

 Spells                   Type           Power      Damage    Failure   Level
 Kiss of Death            Conj/Necr      0%         2d5       19%         1
 Necrotise                Necr           0%         1d4       19%         1
 Ensorcelled Hibernation  Hex/Ice        0%         N/A       26%         2
 Confusing Touch          Hex            0%         N/A       45%         3
 Dazzling Flash           Conj/Hex       0%         N/A       45%         3
 Fugue of the Fallen      Necr           0%         N/A       45%         3
 Gell's Gravitas          Tloc           0%         N/A       45%         3
 Ozocubu's Armour         Ice            0%         N/A       45%         3
 Passwall                 Erth           0%         N/A       45%         3
 Swiftness                Air            0%         N/A       45%         3
 Teleport Other           Tloc           0%         N/A       45%         3
 Tukima's Dance           Hex            0%         N/A       45%         3
 Vampiric Draining        Necr           0%         2d6       45%         3
 Volatile Blastmotes      Fire/Tloc      0%         2d10      45%         3
 Brom's Barrelling Bould  Conj/Erth      0%         2d3       86%         4
 Cause Fear               Hex            0%         N/A       86%         4
 Dimensional Bullseye     Hex/Tloc       0%         N/A       86%         4
 Dispel Undead            Necr           0%         3d6       86%         4
 Iskenderun's Mystic Bla  Conj/Tloc      0%         2d3       86%         4
 Manifold Assault         Tloc           0%         N/A       86%         4
 Martyr's Knell           Necr/Summ      0%         N/A       86%         4
 Curse of Agony           Necr           0%         N/A       99%         5
 Fireball                 Conj/Fire      0%         3d3       99%         5
 Iskenderun's Battlesphe  Conj           0%         2d6       99%         5
 Bombard                  Conj/Erth      0%         9d1       100%        6
 Conjure Ball Lightning   Conj/Air       0%         3x3d6     100%        6
 Dispersal                Tloc           0%         N/A       100%        6
 Starburst                Conj/Fire      0%         6d3       100%        6
 Orb of Destruction       Conj           0%         9d5       100%        7
 Spellforged Servitor     Conj/Summ      0%         N/A       100%        7
 Disjunction              Tloc           0%         N/A       100%        8
 Maxwell's Capacitive Co  Air            0%         ∞         100%        8
 Dragon's Call            Summ           0%         N/A       100%        9


Dungeon Overview and Level Annotations

Branches:
Dungeon (15/15) Zot: 25399  Temple (1/1) D:7 Zot: 5925    Lair (5/5) D:10 Zot: 22333
  Swamp (1/4) Lair:2 Zot: 5143  Spider (0/4) Lair:2        Slime (0/5) Lair:4
    Orc (2/2) D:12 Zot: 9928     Elf (0/3) Orc:2        Vaults (0/5) D:14
 Depths (0/4) D:15        Ossuary (visited)           IceCv (visited)

Altars:
Ashenzari
Cheibriados
Dithmenos
Elyvilon
Fedhas
Gozag
Hepliaklqana
Kikubaaqudgha
Makhleb
Nemelex Xobeh
Okawaru
Qazlal
Ru
Sif Muna
Trog
Uskayaw
Vehumet
Wu Jian
Xom
Yredelemnul
Zin
The Shining One
Jiyva
Lugonu

Shops:
Orc:1 :   Orc:2 ((:(

Portals:
Abyss: Lair:5

Annotations:
Lair:3 2 transporters, Dittersdorf's ghost, journeyman GrFi
Lair:4 4 runed translucent doors, AutarchDCSS's ghost, journeyman DrHW
Swamp:1 1 transporter, exclusion: orange crystal statue, Roxanne


Innate Abilities, Weirdness & Mutations

You have a pair of horns on your head.
You reflexively headbutt those who attack you in melee.


Message History

The spriggan air mage waves its arms in wide circles.
The air twists around and strikes you.
You take 2 damage, and have 144/159 hp.
Hit: I) +2 lajatang (heavy)
Press: ? - help, Dir - move target, f/p - tentacled monstrosity
Aim: a tentacled monstrosity (golden dust, moderately wounded, haloed, about 3% to evade your +2 heavy lajatang)
You slash the tentacled monstrosity!
The tentacled monstrosity barely misses you.
The tentacled monstrosity completely misses you.
The tentacled monstrosity tentacle-slaps you but does no damage.
The tentacled monstrosity misses you. The ghoul misses you.
You furiously retaliate!
You headbutt the ghoul!! The ghoul claws you!
The tentacled monstrosity completely misses you.
The tentacled monstrosity closely misses you.
The tentacled monstrosity tentacle-slaps you but does no damage.
The tentacled monstrosity grabs you.
The tentacled monstrosity constricts you!
The orange crystal statue fixes its piercing gaze on you.
You feel your power leaking away. The ghoul claws you but does no damage.
The ghoul barely misses you. The shambling mangrove misses you.
You furiously retaliate!
You headbutt the shambling mangrove!!
You take 15 damage, and have 129/159 hp.
You now have 8/15 mp.
Unknown command.
Hit: I) +2 lajatang (heavy)
Press: ? - help, Dir - move target, f/p - tentacled monstrosity
Aim: a tentacled monstrosity (golden dust, heavily wounded, haloed, about 3% to evade your +2 heavy lajatang)
You carve the tentacled monstrosity like a ham!!!
You kill the tentacled monstrosity!
The Council accepts your kill. The ghoul misses you.
The ghoul claws you but does no damage. The ghoul claws you!!
The ghoul misses you.
The orange crystal statue glitters.
The tentacled monstrosity misses you.
The tentacled monstrosity completely misses you. x2
The tentacled monstrosity constricts you.
The shambling mangrove closely misses you.
The spriggan air mage waves its arms in wide circles.
The air twists around and strikes you!
You take 32 damage, and have 97/159 hp.
MASSIVE DAMAGE!!
You now have 6/15 mp.
Unknown command.
Hit: I) +2 lajatang (heavy)
Press: ? - help, Dir - move target, f - tentacled monstrosity
Aim: a tentacled monstrosity (golden dust, constricting you, haloed, about 3% to evade your +2 heavy lajatang)
You slash the tentacled monstrosity! The ghoul completely misses you.
The ghoul misses you. The ghoul claws you! The ghoul completely misses you.
The tentacled monstrosity tentacle-slaps you but does no damage.
The tentacled monstrosity completely misses you.
The tentacled monstrosity closely misses you.
The tentacled monstrosity constricts you.
The spriggan air mage misses you. You furiously retaliate!
You headbutt the spriggan air mage! The shambling mangrove misses you.
You take 15 damage, and have 82/159 hp.
You now have 5/15 mp.
Hit: I) +2 lajatang (heavy)
Press: ? - help, Dir - move target, f/p - tentacled monstrosity
Aim: a tentacled monstrosity (lightly wounded, constricting you, haloed, about 3% to evade your +2 heavy lajatang)
You completely miss the tentacled monstrosity.
The ghoul closely misses you. x2
The orange crystal statue glitters.
The tentacled monstrosity closely misses you.
You furiously retaliate!
You headbutt the tentacled monstrosity! The tentacled monstrosity misses you.
The tentacled monstrosity tentacle-slaps you but does no damage.
The tentacled monstrosity constricts you.
The spriggan air mage misses you. The shambling mangrove misses you.
The bloated husk explodes!
The blast of putrescent gases engulfs the tentacled monstrosity!!!
The blast of putrescent gases engulfs you!!
The blast of putrescent gases engulfs the orange crystal statue!!
The blast of putrescent gases engulfs the ghoul!!!
The blast of putrescent gases engulfs the eleionoma!!
The blast of putrescent gases engulfs the fenstrider witch!!!
The blast of putrescent gases engulfs the spriggan air mage!!
The blast of putrescent gases engulfs the shambling mangrove!!
You hear an high-pitched explosion!
The blast of putrescent gases engulfs the eleionoma!!
The blast of putrescent gases engulfs the orange crystal statue!!
The blast of putrescent gases engulfs the ghoul!!
You take 27 damage, and have 55/159 hp.
You now have 4/15 mp.
Hit: I) +2 lajatang (heavy)
Press: ? - help, Dir - move target, f/p - tentacled monstrosity
Aim: a tentacled monstrosity (golden dust, heavily wounded, constricting you, haloed, about 3% to evade your +2 heavy lajatang)
You open the tentacled monstrosity like a pillowcase!!!
You kill the tentacled monstrosity!
The Council accepts your kill. The ghoul misses you. The ghoul claws you!!
* * * LOW HITPOINT WARNING * * *
The orange crystal statue glitters.
The fenstrider witch closely misses you.
You furiously retaliate!
You headbutt the fenstrider witch!
The fenstrider witch closely misses you.
The spriggan air mage hits you.
* * * LOW HITPOINT WARNING * * *
The eleionoma hurls a spray of splinters at you.
The spray of wooden splinters hits you!!
* * * LOW HITPOINT WARNING * * *
The thorn hunter fires a volley of thorns at you.
The volley of thorns hits you!!
You die...

♣~...~~..~~~~.♣♣..♣ ♣..~~~...♣♣..
♣♣♣♣.~~..~~~~.~~..♣♣♣♣~....♣♣♣♣..
♣~.~...~~~...........~..§♣.~~~
♣~~♣.....~..#########....~..§~~
♣♣♣~~~~~.~.##.......##.~~.♣.~~.
♣.~~~~§~.#ß..#.#:.ß#.~~.♣~.~~
♣♣.~~~.~.#☼°#§§.#$:#...♣♣♣.~~
♣....~...#§H°w°..=|#..(.♣♣♣~.
♣.~~~....©#ni@○I..$©#©.~♣♣ ♣♣~
~.§~~♣.~..#☼f○nR..[)#..♣♣ ♣..~
~..~......#§f#R§.#$[#.♣♣ ♣~..~
.~~~....#ß..#.#..ß#.♣ ♣♣♣..
..~~....##.......##.♣ ♣♣~
♣........#########..♣ ♣♣
♣♣...♣♣♣...........♣♣ ♣♣..
♣♣♣♣♣♣♣♣♣♣♣♣♣ ♣♣~


You could see 2 ghouls, a thorn hunter, a shambling mangrove, 2 eleionomae, an
orange crystal statue, a fenstrider witch, a tyrant leech (summoned) and a
spriggan air mage (repels missiles).

Vanquished Creatures
  Jorgrun (D:15)
  2 tentacled monstrosities (Swamp:1)
  An orc warlord (Orc:1)
  A reaper (IceCv)
  A bunyip (Swamp:1)
  An eleionoma (Swamp:1)
  Nessos (Lair:5)
  A dire elephant (D:15)
  Snorg (D:12)
  2 ettins (D:14 Orc:1)
  A shambling mangrove (Swamp:1)
  Josephine (Lair:3)
  A great orb of eyes (D:15)
  A catoblepas (D:13)
  2 hydras (D:14 D:15)
  4 ogre magi (Orc:2)
  2 alligators (Swamp:1)
  7 centaur warriors (D:11 D:13 D:14 D:15)
  A ghost crab (Lair:2)
  17 two-headed ogres (D:10 D:11 D:12 D:15 Orc:2)
  8 death yaks (Lair:1 Lair:3)
  3 thrashing horrors (Lair:5)
  Urug (Lair:5)
  6 hell knights (D:12)
  8 skeletal warriors (D:14 D:13 D:15)
  A fire crab (Lair:3)
  4 goliath frogs (Swamp:1)
  A salamander mystic (D:15)
  A spriggan druid (Swamp:1)
  A large abomination (Lair:5)
  Pikel (D:4)
  A necromancer (D:12)
  4 cyclopes (D:11 D:13 D:14)
  8 ugly things (Lair:5 D:12 D:13 D:15)
  4 manticores (D:12 D:14)
  A will-o-the-wisp (Swamp:1)
  3 kobold blastminers (Orc:1 Orc:2)
  An ice statue (IceCv)
  4 black mambas (Lair:1 Lair:3 Lair:4)
  11 cane toads (Lair:2 Lair:3 Lair:4 Lair:5)
  3 gargoyles (D:13 D:14)
  A torpor snail (Lair:2)
  3 unseen horrors (D:10 D:11)
  A cane toad (shapeshifter) (D:14)
  3 smoke demons (Lair:5)
  An efreet (D:15)
  3 rime drakes (Lair:1 Lair:3 Lair:4)
  9 komodo dragons (Lair:1 Lair:2 Lair:3 Lair:4 Lair:5)
  2 kobold demonologists (D:10 D:11)
  An ice devil (IceCv)
  A troll (shapeshifter) (D:15)
  A tyrant leech (Swamp:1)
  A queen bee (Lair:4)
  4 polar bears (Lair:1 Lair:3 Lair:4)
  4 hornets (D:10 Swamp:1)
  6 trolls (D:9 D:10 D:12 D:13 Orc:1)
  22 blink frogs (Lair:3 Lair:4 Lair:5)
  2 raiju (Lair:5)
  12 dream sheep (Lair:2 Lair:5)
  5 slime creatures (D:12 D:13)
  A centaur simulacrum (D:14)
  7 small abominations (Lair:5)
  A ynoxinul (Lair:5)
  6 spriggans (Lair:3 Lair:5 Swamp:1)
  4 dire elephant simulacra (IceCv)
  3 vampires (D:9 D:11 D:12)
  Eustachio (D:6)
  5 water elementals (D:15)
  7 wraiths (D:8 D:9 Lair:3 D:13)
  3 wyverns (Lair:2 Lair:4)
  27 yaks (D:9 Lair:1 Lair:4 Lair:5)
  2 wargs (Orc:1)
  4 vampire mosquitoes (D:13 D:14)
  5 basilisks (Lair:3 Lair:5)
  3 chaos spawn (Lair:5)
  A spectral komodo dragon (Lair:2)
  A harpy simulacrum (IceCv)
  A swamp worm (Swamp:1)
  Edmund (D:4)
  2 spectral cane toads (Lair:2)
  An acid dragon (D:12)
  12 water moccasins (D:6 D:7 D:8 Lair:1 Lair:5)
  7 hell hounds (D:12)
  A hydra simulacrum (IceCv)
  A black bear (shapeshifter) (Lair:5)
  4 laughing skulls (D:14)
  12 orc warriors (D:10 D:12 Orc:1 Orc:2)
  2 ice beasts (D:6)
  29 ogres (D:4 D:5 D:6 Orc:1 Orc:2)
  4 black bears (D:4 Lair:1 Lair:2)
  12 wolves (Lair:2 Lair:5)
  11 centaurs (D:7 D:8 D:9 D:13 D:15)
  2 lemures (D:4 D:5)
  3 phantoms (D:4 D:5 D:6)
  6 kobold brigands (D:6 D:7 D:8)
  A weeping skull (Ossuary)
  Blork the orc (D:5)
  A spectral basilisk (Lair:2)
  3 gnoll sergeants (D:9)
  9 bullfrogs (D:6 D:8 Lair:1 Lair:2 Lair:4)
  5 scorpions (D:4 D:5 D:6)
  2 cane toad simulacra (Orc:1 IceCv)
  9 two-headed ogre simulacra (Orc:1 IceCv)
  10 wights (D:6 D:7 D:8 D:9)
  7 water moccasin zombies (Ossuary)
  3 elephant simulacra (Orc:1 IceCv)
  14 killer bees (D:6 D:8 D:9)
  An electric eel (D:15)
  2 howler monkeys (D:7 D:9)
  A bombardier beetle (D:6)
  A lava snake (D:9)
  3 hounds (D:5 D:6 D:7)
  Crazy Yiuf (D:3)
  8 orc priests (D:5 D:9 D:10 D:12 Orc:1)
  2 gnoll boudas (D:9 D:10)
  2 jellies (D:5 D:6)
  An iron imp (D:8)
  Ijyb (D:5)
  4 iguanas (D:5 D:6 D:7)
  4 sleepcaps (D:5 D:6 D:7)
  16 orc wizards (D:9 D:10 D:12 Orc:2)
  2 polar bear simulacra (IceCv)
  9 troll simulacra (Orc:1 IceCv)
  6 spriggan simulacra (Orc:1 IceCv)
  3 wolf simulacra (IceCv)
  2 crocodile zombies (Ossuary)
  3 mummies (D:6 Ossuary)
  Robin (D:3)
  10 gnolls (D:9)
  8 adders (D:3 D:4 D:5)
  11 naga simulacra (Orc:1 IceCv)
  2 shadow imps (D:6 D:7)
  2 white imps (D:4 IceCv)
  4 ufetubi (IceCv)
  8 adder zombies (Ossuary)
  A ribbon worm (D:4)
  A dart slug (D:4)
  61 orcs (D:4 D:5 D:6 D:7 D:8)
  6 bats (D:1 D:2 D:3)
  10 endoplasms (D:1 D:2 D:4)
  4 giant cockroaches (D:1 D:2 D:3)
  9 gnoll zombies (Ossuary)
  14 goblins (D:3 D:4 D:7)
  12 hobgoblins (D:1 D:2 D:3 D:4 D:6)
  3 jackals (D:1)
  30 kobolds (D:1 D:2 D:3 D:4 D:6)
  4 quokkas (D:1 D:2 D:4)
  11 ball pythons (D:1 D:2 D:3 D:4)
  A ball python skeleton (D:3)
  3 frilled lizards (D:2 D:3)
  6 jackal zombies (D:3 Ossuary)
  3 orc zombies (Ossuary)
  A quokka skeleton (D:3)
  6 rats (D:1 D:2 D:3)
767 creatures vanquished.

Vanquished Creatures (collateral kills)
  An ogre mage (D:15)
  A two-headed ogre (D:15)
  An orc high priest (Orc:1)
  A dream sheep (Lair:5)
  An ogre (D:15)
5 creatures vanquished.

Vanquished Creatures (others)
  A two-headed ogre (Orc:2)
  A dream sheep zombie (Lair:5)
  An ogre (D:15)
  An adder zombie (D:4)
  An orc (Orc:1)
  2 foxfires (Swamp:1)
7 creatures vanquished.

Grand Total: 779 creatures vanquished

Notes
Turn   | Place    | Note
-------+----------+-------------------------------------------
     0 | D:1      | Ambrosia the Minotaur Gladiator began the quest for the
                  | Orb.
     0 | D:1      | Reached XP level 1. HP: 18/18 MP: 0/0
    13 | D:1      | HP: 9/18 [quokka (3)]
   376 | D:1      | Reached skill level 1 in Armour
   376 | D:1      | Reached XP level 2. HP: 24/25 MP: 1/1
   675 | D:1      | Reached skill level 3 in Fighting
  1071 | D:2      | Reached XP level 3. HP: 29/29 MP: 2/2
  1131 | D:2      | Found an ancient bone altar of Kikubaaqudgha.
  1266 | D:2      | Reached skill level 4 in Staves
  1836 | D:3      | Reached skill level 2 in Armour
  1880 | D:3      | Reached skill level 4 in Dodging
  1943 | D:3      | Noticed Robin
  1950 | D:3      | Reached XP level 4. HP: 25/38 MP: 3/3
  1968 | D:3      | Killed Robin
  2334 | D:3      | Found a runed translucent door.
  2335 | D:3      | Noticed Crazy Yiuf
  2343 | D:3      | Killed Crazy Yiuf
  2379 | D:4      | Noticed a scorpion
  2384 | D:4      | Killed a scorpion
  2385 | D:4      | Reached skill level 4 in Fighting
  2385 | D:4      | Reached skill level 3 in Armour
  2385 | D:4      | Reached XP level 5. HP: 25/46 MP: 4/4
  2385 | D:4      | HP: 23/46 [poisoned by a scorpion]
  2476 | D:4      | Noticed a phantom
  2483 | D:4      | Killed a phantom
  2492 | D:4      | Noticed an ogre
  2499 | D:4      | Reached XP level 6. HP: 49/53 MP: 5/5
  2504 | D:4      | Reached skill level 4 in Armour
  2504 | D:4      | Reached skill level 5 in Dodging
  2562 | D:4      | Reached skill level 5 in Fighting
  2672 | D:4      | Noticed Edmund
  2680 | D:4      | Killed Edmund
  2681 | D:4      | Reached skill level 5 in Staves
  2681 | D:4      | Reached XP level 7. HP: 57/61 MP: 6/6
  2749 | D:4      | Found a bloodstained altar of Trog.
  2756 | D:4      | Reached skill level 5 in Armour
  3178 | D:5      | Entered Level 5 of the Dungeon
  3178 | D:5      | Noticed Pikel
  3282 | D:5      | Noticed Ijyb
  3300 | D:4      | Killed Pikel
  3301 | D:4      | Reached skill level 6 in Fighting
  3301 | D:4      | Reached skill level 6 in Armour
  3301 | D:4      | Reached skill level 6 in Dodging
  3301 | D:4      | Reached XP level 8. HP: 49/71 MP: 7/7
  3453 | D:5      | HP: 33/71 [Ijyb/bolt of dispelling energy (14)]
  3455 | D:5      | Killed Ijyb
  3652 | D:5      | Found a glowing golden altar of the Shining One.
  3660 | D:5      | Found a shadowy altar of Dithmenos.
  3716 | D:5      | Reached skill level 7 in Fighting
  3716 | D:5      | Reached skill level 6 in Staves
  3774 | D:5      | Noticed Grinder
  3776 | D:5      | Grinder changed into Grinder the lemure
  3776 | D:5      | Noticed Grinder
  3779 | D:5      | Killed Grinder the lemure
  3811 | D:5      | Reached skill level 7 in Dodging
  3823 | D:5      | Found a stormy altar of Qazlal.
  3867 | D:5      | Noticed Blork the orc
  3869 | D:5      | Killed Blork the orc
  3870 | D:5      | Reached skill level 7 in Armour
  4323 | D:6      | Reached XP level 9. HP: 59/81 MP: 8/8
  4428 | D:6      | Reached skill level 8 in Fighting
  4590 | D:6      | Found a sand-covered staircase.
  4606 | Ossuary  | Entered an ossuary
  4652 | Ossuary  | Reached skill level 8 in Dodging
  4689 | Ossuary  | Reached skill level 8 in Armour
  4708 | Ossuary  | Reached skill level 7 in Staves
  5023 | D:6      | Noticed Eustachio
  5038 | D:6      | Reached skill level 9 in Fighting
  5045 | D:6      | HP: 38/83 [killer bee (6)]
  5050 | D:6      | HP: 30/83 [killer bee (1)]
  5143 | D:6      | HP: 38/83 [poisoned by a killer bee]
  5148 | D:6      | HP: 21/83 [poisoned by a killer bee]
  5385 | D:6      | Killed Eustachio
  5386 | D:6      | Reached skill level 9 in Armour
  5386 | D:6      | Reached skill level 9 in Dodging
  5684 | D:6      | Found an iron altar of Okawaru.
  5688 | D:6      | Reached XP level 10. HP: 91/91 MP: 9/9
  5737 | D:6      | Found an ancient bone altar of Kikubaaqudgha.
  5737 | D:6      | Found a sacrificial altar of Ru.
  6499 | D:7      | Found a flagged portal.
  6808 | D:7      | Found a staircase to the Ecumenical Temple.
  6920 | Temple   | Entered the Ecumenical Temple
  6957 | Temple   | Became a worshipper of the Wu Jian Council
  7772 | D:8      | Found an opulent altar of Gozag.
  7784 | D:8      | Reached skill level 10 in Fighting
  7847 | D:8      | Found a shimmering blue altar of Sif Muna.
  7933 | D:8      | Reached * piety under Wu Jian
  7934 | D:8      | Reached skill level 8 in Staves
  8191 | D:8      | Found a radiant altar of Vehumet.
  8461 | D:8      | Found a burning altar of Makhleb.
  8869 | D:8      | Identified a scroll of acquirement
  8869 | D:8      | Acquired a +0 lajatang of speed
  9398 | D:9      | Reached skill level 10 in Armour
  9638 | D:9      | Reached skill level 10 in Dodging
  9675 | D:9      | Reached ** piety under Wu Jian
  9709 | D:9      | Reached skill level 11 in Fighting
 10234 | D:10     | Entered Level 10 of the Dungeon
 10302 | D:10     | Found a staircase to the Lair.
 10316 | D:10     | Noticed a two-headed ogre
 10323 | D:10     | Killed a two-headed ogre
 10324 | D:10     | Reached XP level 11. HP: 102/102 MP: 10/10
 10429 | D:10     | Paralysed by a hornet for 1 turns
 10516 | D:10     | Found a sparkling altar of Nemelex Xobeh.
 10585 | D:10     | Reached skill level 9 in Staves
 10585 | D:10     | Reached skill level 11 in Armour
 10653 | D:10     | Noticed a two-headed ogre
 10658 | D:10     | Killed a two-headed ogre
 10864 | D:10     | Found a hazy altar of Hepliaklqana.
 10966 | Lair:1   | Entered Level 1 of the Lair of Beasts
 10986 | Lair:1   | Reached skill level 11 in Dodging
 11079 | Lair:1   | HP: 52/104 [yak (1)]
 11085 | Lair:1   | Reached *** piety under Wu Jian
 11086 | Lair:1   | Reached skill level 12 in Fighting
 11350 | Lair:1   | Noticed a death yak
 11354 | Lair:1   | Noticed a death yak
 11356 | Lair:1   | Noticed a death yak
 11359 | Lair:1   | Noticed a death yak
 11359 | Lair:1   | Noticed a death yak
 11542 | Lair:1   | Reached skill level 12 in Armour
 12019 | Lair:1   | Killed a death yak
 12024 | Lair:1   | Killed a death yak
 12035 | Lair:1   | Killed a death yak
 12036 | Lair:1   | Reached skill level 10 in Staves
 12036 | Lair:1   | Reached skill level 12 in Dodging
 12036 | Lair:1   | Reached XP level 12. HP: 58/113 MP: 11/11
 12036 | Lair:1   | HP: 42/113 [death yak (16)]
 12038 | Lair:1   | HP: 17/113 [death yak (19)]
 12039 | Lair:1   | Killed a death yak
 12049 | Lair:1   | Killed a death yak
 12050 | Lair:1   | Reached skill level 13 in Fighting
 12311 | Lair:1   | Noticed a death yak
 12317 | Lair:1   | Killed a death yak
 12638 | Lair:2   | HP: 51/115 [spectral basilisk (8)]
 13060 | Lair:2   | Found a hole to the Spider Nest.
 13129 | Lair:2   | Reached skill level 13 in Armour
 13706 | Lair:2   | Noticed a ghost crab
 13722 | Lair:2   | Killed a ghost crab
 13863 | Lair:2   | Found a staircase to the Swamp.
 14118 | Lair:3   | Noticed Josephine
 14125 | Lair:3   | Killed Josephine
 14156 | Lair:3   | Noticed a death yak
 14160 | Lair:3   | HP: 55/116 [fire crab (5)]
 14161 | Lair:3   | HP: 22/116 [fire crab (7)]
 14177 | Lair:3   | HP: 48/116 [fire crab/blast of flame (5)]
 14428 | Lair:3   | Found a transporter.
 14501 | Lair:3   | Reached skill level 14 in Fighting
 14501 | Lair:3   | Reached skill level 13 in Dodging
 14739 | Lair:3   | Reached **** piety under Wu Jian
 14818 | Lair:3   | Killed a death yak
 14821 | Lair:3   | Killed a death yak
 14904 | Lair:3   | Noticed a seven-headed hydra
 14906 | Lair:3   | Noticed Dittersdorf's ghost (journeyman GrFi)
 14974 | Lair:3   | Found a transporter.
 15132 | Lair:3   | Reached skill level 11 in Staves
 15158 | Lair:3   | Reached XP level 13. HP: 100/125 MP: 12/12
 15457 | Lair:4   | Reached skill level 14 in Armour
 16187 | Lair:4   | Found a runed translucent door.
 16187 | Lair:4   | Found a viscous altar of Jiyva.
 16190 | Lair:4   | Found a staircase to the Slime Pits.
 16205 | Lair:4   | Noticed an azure jelly
 16304 | Lair:4   | Found a runed translucent gate.
 16304 | Lair:4   | Found a runed translucent gate.
 16304 | Lair:4   | Found a runed translucent gate.
 16306 | Lair:4   | Noticed AutarchDCSS's ghost (journeyman DrHW)
 16340 | Lair:5   | Entered Level 5 of the Lair of Beasts
 16406 | Lair:5   | Noticed Nessos
 16414 | Lair:5   | HP: 54/125 [Nessos/arrow (9)]
 16418 | Lair:5   | Killed Nessos
 16669 | Lair:5   | Reached skill level 15 in Fighting
 16683 | Lair:5   | HP: 63/126 [poisoned by a water moccasin]
 16973 | Lair:5   | Reached skill level 14 in Dodging
 17293 | Lair:5   | HP: 59/127 [basilisk (10)]
 17491 | Lair:5   | Reached ***** piety under Wu Jian
 17508 | Lair:5   | Reached skill level 15 in Armour
 17763 | Lair:5   | Noticed Urug
 17783 | Lair:5   | Killed Urug
 18024 | Lair:5   | Reached skill level 12 in Staves
 18301 | Lair:5   | Reached XP level 14. HP: 125/136 MP: 13/13
 18306 | Lair:5   | Found a corrupted altar of Lugonu.
 18306 | Lair:5   | Found a one-way gate to the infinite horrors of the Abyss.
 19247 | D:12     | Reached skill level 16 in Fighting
 19322 | D:12     | Found a staircase to the Orcish Mines.
 19565 | D:12     | Noticed Snorg
 19578 | D:12     | Killed Snorg
 20027 | D:12     | Reached skill level 15 in Dodging
 20402 | D:12     | HP: 55/131 [necromancer/bolt of negative energy (24)]
 20405 | D:12     | Reached skill level 16 in Armour
 20408 | D:12     | HP: 45/135 [hell knight/+0 battleaxe (4)]
 21612 | D:14     | HP: 67/138 [skeletal warrior/+0 dire flail (9)]
 21617 | D:14     | HP: 26/138 [skeletal warrior/+0 short sword (8)]
 21622 | D:14     | HP: 59/138 [skeletal warrior/+0 short sword (14)]
 21624 | D:14     | HP: 20/138 [skeletal warrior/+0 dire flail (11)]
 22003 | D:14     | HP: 68/138 [skeletal warrior/+0 short sword (11)]
 22010 | D:13     | HP: 55/138 [skeletal warrior/+0 dire flail (7)]
 22016 | D:13     | HP: 52/138 [skeletal warrior/+0 short sword (5)]
 22326 | D:14     | Identified the +0 robe of Agnosticism {Will+ Archmagi}
 22445 | D:14     | Identified the ring of Esaes {Wiz Str+3 Int+3 Slay+3
                  | Stlth+}
 22603 | D:14     | Reached skill level 17 in Fighting
 22791 | D:14     | Reached skill level 13 in Staves
 23018 | D:14     | Found a gate to the Vaults.
 23214 | D:14     | Reached ****** piety under Wu Jian
 23301 | D:15     | Entered Level 15 of the Dungeon
 23421 | D:15     | Noticed Jorgrun
 23433 | D:15     | Killed Jorgrun
 23619 | D:15     | Reached XP level 15. HP: 147/147 MP: 14/14
 23632 | D:15     | Reached skill level 16 in Dodging
 23670 | D:15     | Reached skill level 17 in Armour
 24341 | D:15     | Found a staircase to the Depths.
 24780 | Swamp:1  | Entered Level 1 of the Swamp
 24911 | Orc:1    | Entered Level 1 of the Orcish Mines
 24913 | Orc:1    | Found a frozen archway.
 24919 | Orc:1    | Found Bironoygh's Book Shoppe.
 24944 | Orc:1    | HP: 67/148 [kobold blastminer/iron shot (17)]
 25111 | IceCv    | Entered an ice cave
 25878 | IceCv    | HP: 73/149 [reaper/-4 scythe of freezing (12)]
 26538 | Orc:1    | HP: 74/149 [orc warlord/+0 dire flail (14)]
 26544 | Orc:1    | HP: 42/149 [orc high priest/nerve-wracking pain (6)]
 27339 | Orc:2    | Entered Level 2 of the Orcish Mines
 27380 | Orc:2    | Reached skill level 18 in Fighting
 27404 | Orc:2    | Found Dacw's Weapon Shoppe.
 27404 | Orc:2    | Found Ruzap's Weapon Boutique.
 27429 | Orc:2    | Found Hukerr's Weapon Shop.
 27429 | Orc:2    | Found Keuddo Lolo's Book Shoppe.
 27437 | Orc:2    | HP: 69/149 [two-headed ogre/+0 giant spiked club (7)]
 27443 | Orc:2    | Paralysed by an ogre mage for 2 turns
 27444 | Orc:2    | HP: 71/149 [kobold blastminer (1)]
 27449 | Orc:2    | HP: 60/149 [two-headed ogre/+0 dire flail (13)]
 27454 | Orc:2    | HP: 54/149 [two-headed ogre/+0 dire flail (9)]
 27459 | Orc:2    | HP: 32/149 [two-headed ogre/+0 giant spiked club (12)]
 27927 | Orc:2    | Reached skill level 18 in Armour
 27990 | Orc:2    | Found a staircase to the Elven Halls.
 28545 | Swamp:1  | Reached skill level 17 in Dodging
 28607 | Swamp:1  | Noticed Roxanne
 28639 | Swamp:1  | Reached skill level 14 in Staves
 28776 | Swamp:1  | HP: 61/150 [spriggan rider/+0 spear (16)]
 29024 | Swamp:1  | HP: 72/150 [eleionoma (10)]
 29029 | Swamp:1  | HP: 67/150 [eleionoma/spray of wooden splinters (5)]
 29032 | Swamp:1  | Reached XP level 16. HP: 72/159 MP: 7/15
 29225 | Swamp:1  | Noticed a tentacled monstrosity
 29226 | Swamp:1  | Found a transporter.
 29226 | Swamp:1  | Noticed a tentacled monstrosity
 29229 | Swamp:1  | Noticed a thorn hunter
 29233 | Swamp:1  | Found a transporter.
 29281 | Swamp:1  | Killed a tentacled monstrosity
 29283 | Swamp:1  | HP: 55/159 [spore (27)]
 29284 | Swamp:1  | Killed a tentacled monstrosity
 29284 | Swamp:1  | HP: 15/159 [eleionoma/spray of wooden splinters[an orange
                  | crystal statue] (16)]
 29284 | Swamp:1  | Killed from afar by a thorn hunter

Illustrated notes

Levels and vault maps discovered:
D:1:      amcnicky_arrival_double_pillar, layout_basic
D:2:      layout_loops_ring, basic_altar, kennysheep_cross_bottleneck,
          minmay_misc_feat_enclosed, chequers_serial_rivers_micro_d
D:3:      layout_rooms, serial_undead, serial_undead_b, serial_undead_a,
          serial_undead_f, serial_undead_b, uniq_crazy_yiuf_cottage, uniq_robin
D:4:      layout_basic, trog_ov_bears_minmay, minmay_close_crescents,
          uniq_edmund
D:5:      layout_gridville, mainiacjoe_overflow_brackets,
          mainiacjoe_overflow_alcove_2, mainiacjoe_overflow_small_starburst,
          uniq_grinder, uniq_pikel, uniq_blork_the_orc, uniq_ijyb
D:6:      layout_cave_pools, okawaru_altar_gauntlet_db,
          gammafunk_temple_overflow_wave, gup_ossuary_entry_pyramid,
          uniq_eustachio
D:7:      layout_basic, minmay_temple_entry_hall, enter_bailey_5
D:8:      layout_basic, mainiacjoe_overflow_concentric_impassable,
          mainiacjoe_overflow_tiny_flanked, demons_altar,
          mainiacjoe_overflow_surrounded_room, serial_curves, eino_curves_03,
          eino_curves_04, eino_curves_04, eino_curves_02, grunt_ministairs_15
D:9:      layout_irregular_city, kennysheep_doodads, kennysheep_kite_vault
D:10:     minmay_spotlight, layout_irregular_city, nemelex_diamond_rough_becter,
          kennysheep_mini_moat, lair_entry_dummy
D:11:     layout_roguey
D:12:     layout_basic, erik_orc_4, minmay_rotating_lava, uniq_snorg
D:13:     layout_basic, onia_ninara_dug_in_and_dangerous
D:14:     layout_long_grid, david_vaults_4, gauntlet_entry_generic
D:15:     hangedman_depths_entry_try_elsewhere_first, layout_cave_pools,
          serial_bayou, serial_bayou_pond_a, serial_bayou_pond_e,
          serial_bayou_lagoon_b, serial_bayou_lagoon_a, uniq_jorgrun
Temple:   hellmonk_temple_beads
Lair:1:   layout_regular_city
Lair:2:   layout_cellular_growth, nicolae_swamp_entry_spooky,
          spider_nest_entry_web_field, grunt_forest_small_clearing_treed
Lair:3:   layout_chaotic_city, gammafunk_ghost_arena,
          grunt_forest_large_clearing_hut, infiniplex_staircase_pool_2,
          uniq_josephine
Lair:4:   layout_loops_ring, slime_entry_2, gammafunk_ghost_necromancy
Lair:5:   hellmonk_lair_end_abyssal_woods, layout_loops_ring, uniq_urug,
          uniq_nessos
Swamp:1:  gammafunk_sealed_arena, layout_basic_swamp, nicolae_swamp_bean_lake,
          infiniplex_staircase_pool, uniq_roxanne
Orc:1:    layout_diamond_mine, serial_shops, shop,
          portal_ice_cave_entry_ice_simulacra
Orc:2:    st_orc_ogre_mass, layout_caves, basic_altar

Skill      XL: |  1  2  3  4  5  6  7  8  9 10 11 12 13 14 15 |
---------------+----------------------------------------------+-----
Armour         | 1 2 3 4 6 7 9 10 12 13 15 16 18 | 18.3
Fighting       | 3 4 5 6 7 9 11 12 14 15 17 18 | 18.7
Staves         | 4 5 6 7 8 10 11 12 13 14 | 14.1
Dodging        | 4 5 6 7 9 10 12 13 14 15 17 | 17.2
Throwing       | |  2.0

Action                     |  1- 3 |  4- 6 |  7- 9 | 10-12 | 13-15 | 16-18 || total
---------------------------+-------+-------+-------+-------+-------+-------++-------
  Melee: Quarterstaff      |    76 |    61 |   268 |   285 |   584 |       ||  1274
         Headbutt          |    13 |     8 |    56 |   144 |   276 |     1 ||   498
         Lajatang          |       |       |       |   343 |   536 |     9 ||   888
  Throw: Throwing net      |     1 |     2 |     1 |     1 |     3 |       ||     8
 Invoke: Serpent's Lash    |       |       |       |       |     2 |     1 ||     3
         Heavenly Storm    |       |       |       |       |       |     1 ||     1
Ability: Lunge             |       |       |       |    31 |    67 |     1 ||    99
         Whirlwind         |       |       |       |    68 |   111 |       ||   179
         Wall Jump         |       |       |       |       |    50 |       ||    50
  Evoke: Wand              |       |       |       |    15 |    53 |       ||    68
    Use: Scroll            |     7 |       |    11 |    17 |    26 |       ||    61
         Potion            |       |     2 |     3 |     8 |    15 |     2 ||    30
   Stab: Sleeping          |     3 |       |       |     1 |     2 |       ||     6
         Held in net/web   |       |     1 |       |     1 |       |       ||     2
         Petrifying        |       |       |       |     2 |     1 |       ||     3
         Distracted        |       |       |       |     1 |     2 |       ||     3
         Confused          |       |       |       |     3 |     5 |       ||     8
         Paralysed         |       |       |       |       |     3 |       ||     3
 Armour: Leather armour    |    50 |    30 |   168 |   377 |   577 |    21 ||  1223
  Dodge: Dodged            |    69 |    53 |   239 |   517 |   904 |    38 ||  1820

Table legend: (Time is in decaauts)
 A = Elapsed time spent in this place.
 B = Non-inter-level travel time spent in this place.
 C = Inter-level travel time spent in this place.
 D = Time resting spent in this place.
 E = Time spent auto-exploring this place.
 F = Levels seen in this place.
 G = Mean time per level.
                   A        B        C        D        E       F      G
               +--------+--------+--------+--------+--------+-----+--------+
         Total |  29185 |  27935 |   1250 |   6446 |  16769 |  26 | 1122.5 |
       Dungeon |  16943 |  16278 |    665 |   2930 |  10669 |  15 | 1129.5 |
        Temple |     74 |      2 |     72 |      0 |      0 |   1 |   74.0 |
          Lair |   7666 |   7259 |    407 |   1941 |   4264 |   5 | 1533.2 |
         Swamp |    855 |    853 |      2 |    382 |    301 |   1 |  855.0 |
  Orcish Mines |   2072 |   1969 |    103 |    852 |    698 |   2 | 1036.0 |
       Ossuary |    236 |    236 |      0 |     19 |    110 |   1 |  236.0 |
      Ice Cave |   1337 |   1337 |      0 |    321 |    725 |   1 | 1337.0 |
               +--------+--------+--------+--------+--------+-----+--------+

Top non-repeatable levels by time:
  Lair:5: 2139 daAuts
  Lair:2: 1853 daAuts
     D:7: 1756 daAuts
    D:12: 1683 daAuts
  Lair:1: 1669 daAuts
     D:8: 1489 daAuts
   IceCv: 1337 daAuts
    D:15: 1331 daAuts
    D:13: 1261 daAuts
     D:6: 1254 daAuts
   Orc:1: 1136 daAuts
    D:14: 1128 daAuts
  Lair:3: 1106 daAuts
     D:9: 1083 daAuts
     D:4: 999 daAuts

Levels and vault maps discovered:
D:1:      amcnicky_arrival_double_pillar, layout_basic
D:2:      layout_loops_ring, basic_altar, kennysheep_cross_bottleneck,
          minmay_misc_feat_enclosed, chequers_serial_rivers_micro_d
D:3:      layout_rooms, serial_undead, serial_undead_b, serial_undead_a,
          serial_undead_f, serial_undead_b, uniq_crazy_yiuf_cottage, uniq_robin
D:4:      layout_basic, trog_ov_bears_minmay, minmay_close_crescents,
          uniq_edmund
D:5:      layout_gridville, mainiacjoe_overflow_brackets,
          mainiacjoe_overflow_alcove_2, mainiacjoe_overflow_small_starburst,
          uniq_grinder, uniq_pikel, uniq_blork_the_orc, uniq_ijyb
D:6:      layout_cave_pools, okawaru_altar_gauntlet_db,
          gammafunk_temple_overflow_wave, gup_ossuary_entry_pyramid,
          uniq_eustachio
D:7:      layout_basic, minmay_temple_entry_hall, enter_bailey_5
D:8:      layout_basic, mainiacjoe_overflow_concentric_impassable,
          mainiacjoe_overflow_tiny_flanked, demons_altar,
          mainiacjoe_overflow_surrounded_room, serial_curves, eino_curves_03,
          eino_curves_04, eino_curves_04, eino_curves_02, grunt_ministairs_15
D:9:      layout_irregular_city, kennysheep_doodads, kennysheep_kite_vault
D:10:     minmay_spotlight, layout_irregular_city, nemelex_diamond_rough_becter,
          kennysheep_mini_moat, lair_entry_dummy
D:11:     layout_roguey
D:12:     layout_basic, erik_orc_4, minmay_rotating_lava, uniq_snorg
D:13:     layout_basic, onia_ninara_dug_in_and_dangerous
D:14:     layout_long_grid, david_vaults_4, gauntlet_entry_generic
D:15:     hangedman_depths_entry_try_elsewhere_first, layout_cave_pools,
          serial_bayou, serial_bayou_pond_a, serial_bayou_pond_e,
          serial_bayou_lagoon_b, serial_bayou_lagoon_a, uniq_jorgrun
Temple:   hellmonk_temple_beads
Lair:1:   layout_regular_city
Lair:2:   layout_cellular_growth, nicolae_swamp_entry_spooky,
          spider_nest_entry_web_field, grunt_forest_small_clearing_treed
Lair:3:   layout_chaotic_city, gammafunk_ghost_arena,
          grunt_forest_large_clearing_hut, infiniplex_staircase_pool_2,
          uniq_josephine
Lair:4:   layout_loops_ring, slime_entry_2, gammafunk_ghost_necromancy
Lair:5:   hellmonk_lair_end_abyssal_woods, layout_loops_ring, uniq_urug,
          uniq_nessos
Swamp:1:  gammafunk_sealed_arena, layout_basic_swamp, nicolae_swamp_bean_lake,
          infiniplex_staircase_pool, uniq_roxanne
Orc:1:    layout_diamond_mine, serial_shops, shop,
          portal_ice_cave_entry_ice_simulacra
Orc:2:    st_orc_ogre_mass, layout_caves, basic_altar

Table legend: (Time is in decaauts)
 A = Elapsed time spent in this place.
 B = Non-inter-level travel time spent in this place.
 C = Inter-level travel time spent in this place.
 D = Time resting spent in this place.
 E = Time spent auto-exploring this place.
 F = Levels seen in this place.
 G = Mean time per level.
                   A        B        C        D        E       F      G
               +--------+--------+--------+--------+--------+-----+--------+
         Total |  29185 |  27935 |   1250 |   6446 |  16769 |  26 | 1122.5 |
       Dungeon |  16943 |  16278 |    665 |   2930 |  10669 |  15 | 1129.5 |
        Temple |     74 |      2 |     72 |      0 |      0 |   1 |   74.0 |
          Lair |   7666 |   7259 |    407 |   1941 |   4264 |   5 | 1533.2 |
         Swamp |    855 |    853 |      2 |    382 |    301 |   1 |  855.0 |
  Orcish Mines |   2072 |   1969 |    103 |    852 |    698 |   2 | 1036.0 |
       Ossuary |    236 |    236 |      0 |     19 |    110 |   1 |  236.0 |
      Ice Cave |   1337 |   1337 |      0 |    321 |    725 |   1 | 1337.0 |
               +--------+--------+--------+--------+--------+-----+--------+

Top non-repeatable levels by time:
  Lair:5: 2139 daAuts
  Lair:2: 1853 daAuts
     D:7: 1756 daAuts
    D:12: 1683 daAuts
  Lair:1: 1669 daAuts
     D:8: 1489 daAuts
   IceCv: 1337 daAuts
    D:15: 1331 daAuts
    D:13: 1261 daAuts
     D:6: 1254 daAuts
   Orc:1: 1136 daAuts
    D:14: 1128 daAuts
  Lair:3: 1106 daAuts
     D:9: 1083 daAuts
     D:4: 999 daAuts

Table legend:
 A = Kills in this place as a percentage of kills in the entire game.
 B = Kills by you in this place as a percentage of kills by you in the entire game.
 C = Kills by friends in this place as a percentage of kills by friends in the entire game.
 D = Other kills in this place as a percentage of other kills in the entire game.
 E = Experience gained in this place as a percentage of experience gained in the entire game.
 F = Experience gained in this place divided by the number of levels of this place that you have seen.
                   A       B       C       D       E      F
               +-------+-------+-------+-------+-------+----------------------
         Total | 100.0 | 100.0 | 100.0 | 100.0 | 100.0 | 6070.1
       Dungeon |  51.0 |  50.9 |  60.0 | 100.0 |  41.1 | 4329.1
          Lair |  22.7 |  22.8 |  20.0 |   0.0 |  32.8 | 10338.8
         Swamp |   2.7 |   2.7 |   0.0 |   0.0 |   9.6 | 15076.0
  Orcish Mines |  12.1 |  12.0 |  20.0 |   0.0 |  13.1 | 10369.5
       Ossuary |   4.8 |   4.8 |   0.0 |   0.0 |   0.5 | 808.0
      Ice Cave |   6.6 |   6.7 |   0.0 |   0.0 |   2.9 | 4569.0
               +-------+-------+-------+-------+-------+----------------------
